 Dungeon Crawl Stone Soup version 0.30-a0-422-g946f4849ff (webtiles) character file.

Game seed: 1976409749437496239

374 Pooter the Cruncher (level 6, -1/44 HPs)
             Began as a Gnoll Wanderer on Dec 8, 2022.
             Succumbed to a scorpion's poison
             ... on level 4 of the Dungeon.
             The game lasted 00:18:39 (3239 turns).

Pooter the Cruncher (Gnoll Wanderer)                Turns: 3239, Time: 00:18:39

Health: -1/44      AC: 17    Str: 15    XL:     6   Next: 72%
Magic:  2/9        EV:  5    Int: 10    God:
Gold:   171        SH:  0    Dex: 11    Spells: 9/9 levels left

rFire   . . .      SeeInvis .    a - +2 quarterstaff
rCold   . . .      Faith    .    (shield currently unavailable)
rNeg    . . .      Spirit   +    r - +0 plate armour
rPois   .          Reflect  .    q - +0 helmet
rElec   .          Harm     .    u - +1 cloak
rCorr   .          Rampage  .    s - +0 pair of gloves
Will    .....                    (no boots)
Stlth   ..........               G - amulet of guardian spirit
HPRegen 0.27/turn                (no ring)
MPRegen 0.11/turn                (no ring)

@: lethally poisoned (-1 -> -6)
A: fangs 1, strong nose, distributed training
a: no special abilities


You were on level 4 of the Dungeon.
You visited 1 branch of the dungeon, and saw 4 of its levels.
You also visited: Sewer.

You collected 171 gold pieces.

Inventory:

Hand Weapons
 a - a +2 quarterstaff (weapon)
 b - a +0 sling
   (You found it on level 1 of the Dungeon)
 d - a +0 dagger
 f - a +2 dagger of venom
   (You took it off a kobold on level 1 of the Dungeon)
 h - a +2 whip of venom
   (You took it off a kobold on level 3 of the Dungeon)
 p - a +0 spear
   (You found it on level 2 of the Dungeon)
Missiles
 c - 23 poisoned darts (quivered)
 Q - 43 stones
Armour
 q - a +0 helmet (worn)
   (You found it on level 2 of the Dungeon)
 r - a +0 plate armour (worn)
   (You found it on level 3 of the Dungeon)
 s - a +0 pair of gloves (worn)
   (You found it on level 3 of the Dungeon)
 u - a +1 cloak (worn)
   (You found it on level 3 of the Dungeon)
Jewellery
 G - an amulet of guardian spirit (around neck)
   (You found it on level 3 of the Dungeon)
Scrolls
 g - a scroll of fog
 i - a scroll of summoning {unknown}
 t - a scroll of teleportation {@r4}
 v - a scroll of fear {unknown}
 w - a scroll of magic mapping {unknown}
Potions
 j - a potion of degeneration {unknown}
 k - a potion of resistance
 l - a potion of haste {unknown}
 m - 2 potions of brilliance {unknown}
 n - a potion of attraction {unknown}
 o - a potion of magic {unknown}
 x - a potion of heal wounds {unknown}
 z - a potion of flight {unknown}
 A - a potion of might {unknown}


   Skills:
 + Level 2.1 Fighting
 + Level 2.1 Short Blades
 + Level 2.1 Long Blades
 + Level 2.1 Axes
 + Level 2.1 Maces & Flails
 + Level 2.1 Polearms
 + Level 10.6 Staves
 + Level 2.1 Ranged Weapons
 + Level 6.9 Throwing
 + Level 5.1 Armour
 + Level 2.1 Dodging
 + Level 2.1 Stealth
 + Level 2.1 Shields
 + Level 2.1 Unarmed Combat
 + Level 2.1 Spellcasting
 + Level 1.7 Conjurations
 + Level 1.7 Hexes
 + Level 1.7 Summonings
 + Level 1.7 Necromancy
 + Level 1.7 Translocations
 + Level 1.7 Transmutations
 + Level 1.7 Fire Magic
 + Level 1.7 Ice Magic
 + Level 1.7 Air Magic
 + Level 1.7 Earth Magic
 + Level 1.7 Poison Magic
 + Level 2.4 Invocations
 + Level 2.1 Evocations


You had 9 spell levels left.
You didn't know any spells.
Your spell library contained the following spells:

 Spells                   Type           Power      Damage    Failure   Level
 Apportation              Tloc           8%         N/A       100%        1
 Necrotise                Necr           16%        1d4       100%        1
 Summon Small Mammal      Summ           16%        N/A       100%        1


Dungeon Overview and Level Annotations

Branches:
Dungeon (4/15)              Sewer (visited)
 Temple: D:4-7

Altars:


Innate Abilities, Weirdness & Mutations

You have very sharp teeth.
Your uncanny sense of smell can sniff out nearby items.
Your experience applies equally to all skills.


Message History

You barely miss the scorpion. The scorpion stings you.
* * * LOW HITPOINT WARNING * * *
You closely miss the scorpion.
The hobgoblin no longer looks unusually strong.
The hobgoblin hits you but does no damage.
The scorpion stings you but does no damage.
The hobgoblin hits you but does no damage.
The goblin hits you but does no damage.
The hobgoblin hits you but does no damage.
Unknown command.
You hit the scorpion. The scorpion stings you.
* * * LOW MAGIC WARNING * * *
* * * LOW HITPOINT WARNING * * *
The hobgoblin hits you but does no damage. x2
The hobgoblin completely misses you. The goblin closely misses you.
You completely miss the scorpion.
The hobgoblin no longer looks unusually strong.
The scorpion stings you.
* * * LOW HITPOINT WARNING * * *
You are poisoned.
The scorpion poisons you!
The hobgoblin hits you but does no damage.
The goblin hits you but does no damage.
The hobgoblin hits you but does no damage.
The hobgoblin hits you.
* * * LOW HITPOINT WARNING * * *
You sock the scorpion!
You kill the scorpion!
* * * LOW HITPOINT WARNING * * *
You feel very sick. The hobgoblin hits you.
* * * LOW MAGIC WARNING * * *
* * * LOW HITPOINT WARNING * * *
The goblin hits you but does no damage.
The hobgoblin hits you but does no damage. x2
You sock the goblin!
You kill the goblin!
* * * LOW HITPOINT WARNING * * *
You feel sick.
You hit the hobgoblin.
* * * LOW HITPOINT WARNING * * *
You feel sick.
The hobgoblin hits you but does no damage. x3
You hit the hobgoblin.
You kill the hobgoblin!
* * * LOW HITPOINT WARNING * * *
You feel sick.
The hobgoblin hits you but does no damage.
The hobgoblin barely misses you.
You die...

#########
#.......#
#.....>.##
#......†.# #
#.?......#.#####
+^..).g.<.......
#....@g..#.#....
...........# #
## .#.###+#+#+#
.. ∆ # ∆


You could see 2 hobgoblins.

Vanquished Creatures
  A kobold brigand (Sewer)
  2 scorpions
  Robin (D:4)
  7 adders
  3 river rats (Sewer)
  2 worms
  A dart slug (D:3)
  3 endoplasms
  6 giant cockroaches
  12 goblins
  7 hobgoblins
  A jackal (Sewer)
  2 quokkas
  6 ball pythons
  6 bats
  10 frilled lizards
  7 kobolds
  9 rats
86 creatures vanquished.

Vanquished Creatures (others)
  7 plants (Sewer)
7 creatures vanquished.

Grand Total: 93 creatures vanquished

Notes
Turn   | Place    | Note
-------+----------+-------------------------------------------
     0 | D:1      | Reached skill level 10 in Staves
     0 | D:1      | Pooter the Gnoll Wanderer began the quest for the Orb.
     0 | D:1      | Pooter set off with the following items: a +2 quarterstaff,
                  | a scroll of fog, 12 poisoned darts, a +0 dagger, a potion
                  | of curing {@q1}, a +0 leather armour.
     0 | D:1      | Reached XP level 1. HP: 13/13 MP: 1/1
   406 | D:1      | Reached XP level 2. HP: 17/19 MP: 2/2
  1038 | D:2      | Reached XP level 3. HP: 25/25 MP: 3/3
  1171 | D:2      | Reached skill level 1 in Invocations
  1371 | D:2      | Reached skill level 1 in Fighting
  1371 | D:2      | Reached skill level 1 in Short Blades
  1371 | D:2      | Reached skill level 1 in Long Blades
  1371 | D:2      | Reached skill level 1 in Axes
  1371 | D:2      | Reached skill level 1 in Maces & Flails
  1371 | D:2      | Reached skill level 1 in Polearms
  1371 | D:2      | Reached skill level 1 in Ranged Weapons
  1371 | D:2      | Reached skill level 1 in Dodging
  1371 | D:2      | Reached skill level 1 in Stealth
  1371 | D:2      | Reached skill level 1 in Shields
  1371 | D:2      | Reached skill level 1 in Unarmed Combat
  1371 | D:2      | Reached skill level 1 in Spellcasting
  1371 | D:2      | Reached skill level 1 in Evocations
  1562 | D:3      | Noticed a scorpion
  1738 | D:3      | Killed a scorpion
  1739 | D:3      | Reached skill level 1 in Conjurations
  1739 | D:3      | Reached skill level 1 in Hexes
  1739 | D:3      | Reached skill level 1 in Summonings
  1739 | D:3      | Reached skill level 1 in Necromancy
  1739 | D:3      | Reached skill level 1 in Translocations
  1739 | D:3      | Reached skill level 1 in Transmutations
  1739 | D:3      | Reached skill level 1 in Fire Magic
  1739 | D:3      | Reached skill level 1 in Ice Magic
  1739 | D:3      | Reached skill level 1 in Air Magic
  1739 | D:3      | Reached skill level 1 in Earth Magic
  1739 | D:3      | Reached skill level 1 in Poison Magic
  1739 | D:3      | Reached XP level 4. HP: 18/32 MP: 4/6
  1739 | D:3      | Reached XP level 5. HP: 21/37 MP: 4/7
  1824 | D:3      | Found a glowing drain.
  1847 | Sewer    | Entered a sewer
  2483 | Sewer    | Noticed a kobold brigand
  2508 | Sewer    | Killed a kobold brigand
  2509 | Sewer    | Reached skill level 5 in Armour
  2509 | Sewer    | Reached XP level 6. HP: 24/44 MP: 4/9
  3192 | D:4      | Noticed Robin
  3221 | D:4      | Killed Robin
  3237 | D:4      | HP: 2/44 [poisoned by a scorpion]
  3239 | D:4      | Succumbed to a scorpion's poison

Illustrated notes

Levels and vault maps discovered:
D:1:      wander_arrival_desolate, layout_loops_corners
D:2:      layout_basic
D:3:      layout_rooms, cheibrodos_sewer_entry_bend
D:4:      layout_basic, minmay_temple_entry_junction_2,
          lightli_ossuary_entry_decrepit_ruins, serial_shops, shop,
          lemuel_flame_loot_1, uniq_pikel, uniq_robin

Skill      XL: |  1  2  3  4  5 |
---------------+----------------+-----
Staves         | | 10.6
Invocations    | 1 2 |  2.4
Fighting       | 1 2 |  2.1
Short Blades   | 1 2 |  2.1
Long Blades    | 1 2 |  2.1
Axes           | 1 2 |  2.1
Maces & Flails | 1 2 |  2.1
Polearms       | 1 2 |  2.1
Ranged Weapons | 1 2 |  2.1
Dodging        | 1 2 |  2.1
Stealth        | 1 2 |  2.1
Shields        | 1 2 |  2.1
Unarmed Combat | 1 2 |  2.1
Spellcasting   | 1 2 |  2.1
Evocations     | 1 2 |  2.1
Conjurations   | 1 |  1.7
Hexes          | 1 |  1.7
Summonings     | 1 |  1.7
Necromancy     | 1 |  1.7
Translocations | 1 |  1.7
Transmutations | 1 |  1.7
Fire Magic     | 1 |  1.7
Ice Magic      | 1 |  1.7
Air Magic      | 1 |  1.7
Earth Magic    | 1 |  1.7
Poison Magic   | 1 |  1.7
Armour         | 5 |  5.1
Throwing       | |  6.9

Action                   |  1- 3 |  4- 6 || total
-------------------------+-------+-------++-------
Melee: Quarterstaff      |    46 |   120 ||   166
       Bite              |     8 |    15 ||    23
       Dagger            |    54 |    31 ||    85
 Fire: Sling             |    26 |     5 ||    31
Throw: Dart              |     8 |    12 ||    20
  Use: Scroll            |       |     2 ||     2
       Potion            |       |     1 ||     1
Armor: Leather armour    |     2 |       ||     2
       Ring mail         |    37 |       ||    37
       Plate armour      |    19 |   131 ||   150
Dodge: Dodged            |    42 |    49 ||    91

Table legend: (Time is in decaauts)
 A = Elapsed time spent in this place.
 B = Non-inter-level travel time spent in this place.
 C = Inter-level travel time spent in this place.
 D = Time resting spent in this place.
 E = Time spent auto-exploring this place.
 F = Levels seen in this place.
 G = Mean time per level.
                   A        B        C        D        E       F      G
               +--------+--------+--------+--------+--------+-----+--------+
         Total |   3339 |   3253 |     86 |    612 |   1785 |   5 |  667.8 |
       Dungeon |   2195 |   2109 |     86 |    257 |   1230 |   4 |  548.8 |
         Sewer |   1143 |   1143 |      0 |    355 |    555 |   1 | 1143.0 |
               +--------+--------+--------+--------+--------+-----+--------+

Top non-repeatable levels by time:
   Sewer: 1143 daAuts
     D:1: 1059 daAuts
     D:3: 590 daAuts
     D:2: 515 daAuts
     D:4: 31 daAuts
